 Dungeon Sprint DCSS version 0.20-a0-1018-ge435b50 (webtiles) character file.

1407 Krakonus1 the Basher (level 8, -11/67 HPs)
             Began as a Demonspawn Chaos Knight on Apr 16, 2017.
             Mangled by a long sword of freezing (12 damage)
             ... in the Dungeon (Sprint V: "Ziggurat Sprint").
             The game lasted 00:07:37 (545 turns).

Krakonus1 the Basher (Demonspawn Chaos Knight)       Turns: 545, Time: 00:07:38

Health: -11/67     AC: 34    Str: 30    XL:     8   Next: 42%
Magic:  8/8        EV: 12    Int: 13    God:    Xom [......]
Gold:   0          SH:  0    Dex: 15    Spells: 7/7 levels left

rFire    . . .     SeeInvis .   x - +14 mace of Variability {chaos}
rCold    . . .     Gourm    .   (shield currently unavailable)
rNeg     . . .     Faith    .   a - +15 Maxwell's patent armour {-Cast -Tele rElec MR+ rCorr}
rPois    .         Spirit   .   (helmet restricted)
rElec    +         Reflect  .   (no cloak)
rCorr    +         Harm     .   (no gloves)
MR       +....     NoTele   +   (no boots) Stlth ..........NoCast +
                                (no amulet)
Regen    0.3/turn               C - +6 ring of strength
MPRegen  0.2/turn               D - +6 ring of strength

@: mighty, sanguine armour, studying Slings
A: antennae 2, powered by pain 1, rot immunity, sanguine armour 1
a: Renounce Religion


You were in the Dungeon.
You worshipped Xom.
You were a very special plaything of Xom.
You were not hungry.

You visited 1 branch

Inventory:

Hand Weapons
 x - the +14 mace of Variability (weapon) {chaos}
   (You found it in the Dungeon)

   Each time it hits an enemy it has a different, random effect.
Armour
 a - the +15 Maxwell's patent armour (worn) {-Cast -Tele rElec MR+ rCorr}
   (You found it in the Dungeon)

   It insulates you from electricity.
   It affects your resistance to hostile enchantments.
   It prevents spellcasting.
   It prevents most forms of teleportation.
   It protects you from acid and corrosion.
 M - a +5 crystal plate armour
 N - +5 fire dragon scales
 O - +5 gold dragon scales
 P - +5 ice dragon scales
 Q - a +5 plate armour
 R - +5 shadow dragon scales
 S - +5 storm dragon scales
Jewellery
 y - a +6 ring of dexterity
 z - a +6 ring of dexterity
 A - a +6 ring of intelligence
 B - a +6 ring of intelligence
 C - a +6 ring of strength (left hand)
 D - a +6 ring of strength (right hand)
 E - an uncursed ring of flight
 F - an uncursed ring of poison resistance
Wands
 H - a wand of disintegration (7/24)
 I - a wand of iceblast (5/15)
 J - a wand of lightning (5/15)
 K - a wand of acid (5/15)
Scrolls
 i - 4 scrolls of blinking
 p - 4 scrolls of amnesia
 q - 3 scrolls of recharging
 r - 7 scrolls of fog
 s - 5 scrolls of identify
 t - 5 scrolls of remove curse
 u - 2 scrolls of fear
Potions
 d - 10 potions of curing
 e - 9 potions of heal wounds
 f - 6 potions of haste
 g - 7 potions of magic
 h - 3 potions of berserk rage
 j - 2 potions of brilliance
 k - 2 potions of invisibility
 l - 4 potions of resistance
 n - 5 potions of agility
 o - 5 potions of might
Books
 L - a manual of Slings
 X - the Papyrus of Moulding and the Traveller
   (You found it in the Dungeon)

   Spells                             Type                      Level
   a - Apportation                    Translocation                1
   b - Yara's Violent Unravelling     Hexes/Transmutation          5
   c - Dispersal                      Translocation                6
   d - Malign Gateway                 Summoning/Translocation      7
 Z - The Foundations of Spellcasting
   (You found it in the Dungeon)

   Spells                             Type                      Level
   a - Airstrike                      Air                          4
   b - Force Lance                    Conjuration/Translocation    4
   c - Iskenderun's Mystic Blast      Conjuration                  4
   d - Cause Fear                     Hexes                        4
   e - Summon Lightning Spire         Summoning/Air                4
   f - Petrify                        Transmutation/Earth          4
Miscellaneous
 b - a lightning rod (4/4)
 G - a crystal ball of energy
Comestibles
 c - 5 bread rations
 v - 42 fruits
 w - 4 meat rations


   Skills:
 * Level 7.1 Fighting
 * Level 12.2 Maces & Flails
 * Level 7.5 Armour
 * Level 7.0 Dodging
 + Level 1.4 Stealth


You had 7 spell levels left.
You didn't know any spells.

Dungeon Overview and Level Annotations

Branches:
Dungeon (1/1)

Altars:
Ashenzari
Cheibriados
Dithmenos
Elyvilon
Fedhas
Gozag
Hepliaklqana
Kikubaaqudgha
Makhleb
Nemelex Xobeh
Okawaru
Qazlal
Ru
Sif Muna
Trog
Uskayaw
Vehumet
Wu Jian
Xom
Yredelemnul
Zin
The Shining One
Beogh
Jiyva
Lugonu


Innate Abilities, Weirdness & Mutations

You have a pair of antennae on your head.
You sometimes gain a little power by taking damage.
You are immune to rotting.
When seriously injured, your bleeding wounds create armour. (AC +6)


Message History

* * * LOW HITPOINT WARNING * * *
Your lungs strain for air!
The long sword of freezing barely misses you.
The mace of draining closely misses you.
The water elemental hits you.
* * * LOW HITPOINT WARNING * * *
You bludgeon the water elemental!!
You destroy the water elemental!
Your life force feels restored.
Your Fighting skill increases to level 7!
Your Maces & Flails skill increases to level 12!
Your Dodging skill increases to level 7!
You gasp with relief as air once again reaches your lungs.
The long sword of freezing hits you!
* * * LOW HITPOINT WARNING * * *
The long sword of freezing freezes you.
* * * LOW HITPOINT WARNING * * *
The mace of draining barely misses you. The long sword of freezing hits you!
You die...
Xom thinks this is hilarious!

▓.....▓.....▓.....▓
▓.....▓.....▓▓▓▓▓▓▓
{▓▓▓▓▓▓▓▓▓▓▓▓▓▓▓▓▓▓▓
▓..8©8...▓..8©8...▓
▓...|....▓..|[)...▓
{▓....|...▓..=.|...▓
▓..%.....▓..§§....▓
▓........▓.§E((...▓
▓.▓....▓.▓.§§@§...▓
▓........▓..§.§...▓
▓▓▓▓▓▓▓▓▓▓▓▓▓▓▓▓▓▓▓


{{{{ {{{ {{{ {{{ You could see a water elemental and 2 dancing weapons.

Vanquished Creatures
  2 water elementals (D)
  A golden eye (D)
  A hell hound (D)
  A porcupine (D)
  A bullfrog (D)
  A crimson imp (D)
  A quasit (D)
  2 jellies (D)
  An iron imp (D)
  A river rat (D)
  A shadow imp (D)
  An ooze (D)
  An adder skeleton (D)
15 creatures vanquished.

Vanquished Creatures (others)
  A spatial maelstrom (D)
1 creature vanquished.

Grand Total: 16 creatures vanquished

Notes
Turn   | Place    | Note
-------+----------+-------------------------------------------
     0 | D        | Krakonus1 the Demonspawn Chaos Knight began the quest for the Orb.
     0 | D        | Reached XP level 1. HP: 18/18 MP: 1/1
     0 | D        | Found a deep blue altar of Sif Muna.
     0 | D        | Found a sacrificial altar of Ru.
     0 | D        | Found a bloodstained altar of Trog.
     0 | D        | Found a stormy altar of Qazlal.
     0 | D        | Found an iron altar of Okawaru.
     0 | D        | Found a sparkling altar of Nemelex Xobeh.
     0 | D        | Found a blossoming altar of Fedhas.
     0 | D        | Banished a spatial maelstrom
     2 | D        | Found an ancient bone altar of Kikubaaqudgha.
     2 | D        | Found a viscous altar of Jiyva.
     2 | D        | Found a corrupted altar of Lugonu.
     2 | D        | Found a hazy altar of Hepliaklqana.
     2 | D        | Found a burning altar of Makhleb.
     2 | D        | Found an opulent altar of Gozag.
    86 | D        | Entered arena 1.
    87 | D        | XOM: harmless Erth miscast
    88 | D        | Reached skill level 3 in Maces & Flails
    88 | D        | Reached skill level 1 in Dodging
    89 | D        | Reached skill level 4 in Maces & Flails
    89 | D        | Gained mutation: You are immune to rotting. [demonic ancestry]
    89 | D        | Reached XP level 2. HP: 24/24 MP: 2/2
    96 | D        | Identified the Papyrus of Moulding and the Traveller (You found it in the Dungeon)
    98 | D        | Entered arena 2.
    98 | D        | Noticed a porcupine
    98 | D        | Noticed a bullfrog
   102 | D        | XOM: butterfly on damage
   104 | D        | XOM: confuse monster(s)
   105 | D        | Killed a bullfrog
   105 | D        | Reached skill level 6 in Maces & Flails
   105 | D        | Reached XP level 3. HP: 14/29 MP: 3/3
   105 | D        | Gained mutation: You sometimes gain a little power by taking damage. [demonic ancestry]
   105 | D        | Reached XP level 4. HP: 17/35 MP: 4/4
   107 | D        | Killed a porcupine
   107 | D        | Reached skill level 8 in Maces & Flails
   107 | D        | Gained mutation: You have a pair of small antennae on your head. [demonic ancestry]
   107 | D        | Reached XP level 5. HP: 9/41 MP: 5/5
   117 | D        | Identified The Foundations of Spellcasting (You found it in the Dungeon)
   346 | D        | Entered arena 3.
   346 | D        | Noticed a golden eye
   354 | D        | XOM: blink monster(s)
   357 | D        | Reached skill level 9 in Maces & Flails
   357 | D        | Reached skill level 1 in Stealth
   359 | D        | XOM: swap monsters
   361 | D        | Killed a golden eye
   361 | D        | Reached skill level 10 in Maces & Flails
   361 | D        | Reached skill level 5 in Armour
   361 | D        | Reached skill level 5 in Dodging
   361 | D        | Reached XP level 6. HP: 47/47 MP: 6/6
   388 | D        | Entered arena 4.
   388 | D        | Noticed a hell hound
   389 | D        | Killed a hell hound
   389 | D        | Reached skill level 11 in Maces & Flails
   389 | D        | Gained mutation: You have a pair of antennae on your head. [demonic ancestry]
   389 | D        | Reached XP level 7. HP: 29/55 MP: 7/7
   399 | D        | XOM: stat loss: -1 Str (23/24)
   402 | D        | Gained mutation: When seriously injured, your bleeding wounds create armour. (AC +6) [demonic ancestry]
   402 | D        | Reached XP level 8. HP: 37/64 MP: 8/8
   536 | D        | Entered arena 5.
   536 | D        | Noticed a long sword of freezing
   536 | D        | Noticed a mace of draining
   537 | D        | XOM: fog
   540 | D        | XOM: confuse monster(s)
   545 | D        | Reached skill level 12 in Maces & Flails
   545 | D        | HP: 3/67 [long sword of freezing (8)]
   545 | D        | HP: 1/67 [long sword of freezing (2)]
   545 | D        | Mangled by a long sword of freezing

Vault maps used:
D:        sprint_v

Skill      XL: |  1  2  3  4  5  6  7  8 |
---------------+-------------------------+-----
Maces & Flails | 4 6 8 10 11 12 | 12.2
Armour         | 2 3 4 5 6 7 |  7.5
Dodging        | 1 2 4 5 6 7 |  7.0
Stealth        | 1 |  1.4
Fighting       | 4 6 7 |  7.1

Action                   |  1- 3 |  4- 6 |  7- 9 || total
-------------------------+-------+-------+-------++-------
Melee: Great mace        |     6 |    10 |     8 ||    24
  Use: Potion            |       |       |     2 ||     2
       Scroll            |       |       |     1 ||     1
 Stab: Confused          |       |     1 |       ||     1
Armor: Plate armour      |     6 |    12 |    19 ||    37
Dodge: Dodged            |     6 |     7 |    14 ||    27
